 Dungeon Crawl Stone Soup version 0.26-a0-451-gacbe401039 (webtiles) character file.

Game seed: 9369112992995078208

117 Misa the Sneak (level 5, -3/33 HPs)
             Began as an Octopode Fire Elementalist on July 28, 2020.
             Slain by a gnoll
             ... wielding a +0 club
              (5 damage)
             ... on level 3 of the Dungeon.
             The game lasted 00:04:37 (2427 turns).

Misa the Sneak (Octopode Fire Elementalist)         Turns: 2427, Time: 00:04:38

Health: -3/33      AC:  1    Str:  7    XL:     5   Next: 1%
Magic:  1/8        EV: 14    Int: 18    God:
Gold:   244        SH:  0    Dex: 13    Spells: 8/9 levels left

rFire    . . .     SeeInvis .   l - -2 quarterstaff (curse)
rCold    . . .     Faith    .   (shield currently unavailable)
rNeg     . . .     Spirit   .   (helmet restricted)
rPois    +         Reflect  .   (no amulet)
rElec    .         Harm     .   e - ring of poison resistance
rCorr    .                      (no ring)
MR       .....                  (no ring)
Stlth    +++.......             (no ring)
HPRegen  0.11/turn              (no ring)
MPRegen  0.11/turn              (no ring)
                                (no ring)
                                (no ring)

@: no status effects
A: almost no armour, stealthy swim, amphibious, 8 rings, constrict 8, camouflage
1, gelatinous body 1
a: no special abilities


You were on level 3 of the Dungeon.
You visited 1 branch of the dungeon, and saw 3 of its levels.

You collected 244 gold pieces.

Inventory:

Hand Weapons
 l - a cursed -2 quarterstaff (weapon)
Missiles
 k - 30 poisoned darts (quivered)
Jewellery
 e - a ring of poison resistance (left tentacle)
Scrolls
 a - a scroll of magic mapping {unknown}
 d - 3 scrolls of teleportation {unknown}
 f - 2 scrolls of identify {unknown}
 g - 2 scrolls of blinking {unknown}
 j - a scroll of remove curse {unknown}
 m - a scroll of amnesia {unknown}
Potions
 b - a potion of heal wounds {unknown}
 c - 2 potions of lignification {unknown}
 h - a potion of stabbing {unknown}
 i - 2 potions of magic {unknown}
 n - a potion of degeneration {unknown}
 o - a potion of flight {unknown}


   Skills:
 + Level 1.4 Fighting
 + Level 2.8 Dodging
 + Level 3.7 Stealth
 + Level 2.5 Spellcasting
 + Level 1.9 Conjurations
 + Level 3.5 Fire Magic


You had 8 spell levels left.
You knew the following spells:

 Your Spells              Type           Power        Failure   Level
a - Foxfire               Conj/Fire      ##..         5%          1

Your spell library contained the following spells:

 Spells                   Type           Power        Failure   Level
 Conjure Flame            Conj/Fire      ##......     17%         3
 Inner Flame              Hex/Fire       #.......     26%         3
 Sticky Flame             Conj/Fire      ##......     50%         4
 Fireball                 Conj/Fire      ##........   83%         5


Dungeon Overview and Level Annotations

Branches:
Dungeon (3/15)

Altars:


Innate Abilities, Weirdness & Mutations

You cannot wear most types of armour.
You are very stealthy in the water. (Stealth+)
You are amphibious.
You can wear up to eight rings at the same time.
You can use your tentacles to constrict eight enemies at once.
Your skin changes colour to match your surroundings (Stealth+).
Your rubbery body absorbs attacks. (AC +1, EV +1)


Message History

The gnoll is heavily wounded.
You constrict the gnoll, but do no damage.
The gnoll struggles to escape constriction.
You hit the gnoll but do no damage.
The gnoll is heavily wounded.
You constrict the gnoll, but do no damage.
The gnoll escapes!
The gnoll barely misses you.
You hit the gnoll but do no damage. You grab the gnoll.
You constrict the gnoll. The gnoll completely misses you.
The gnoll hits you with a +0 spear.
You hit the gnoll.
The gnoll is moderately wounded.
You constrict the gnoll. The gnoll barely misses you.
The gnoll hits you with a +0 spear! The gnoll hits you with a +0 club!
* * * LOW HITPOINT WARNING * * *
You completely miss the gnoll. You squeeze the gnoll.
The gnoll is almost dead.
You constrict the gnoll. The gnoll closely misses you.
The gnoll hits you with a +0 club.
You die...

#.#####.##..#.#.... #.
#.#.....##..#....# #.
. #.#......)..#....# .
.#
#.#.........##...#.#.#
..#...#..........#..#
###..##............#
##.....###...#..#..#
#............#..#
##.#.#######..#g@#
...#..........##g#
........).....##b.
รท.............##...
.............###....
.............# #...#.
..############ #....#.
.## #.#.#.#. ##


You could see 2 gnolls and a bat.

Vanquished Creatures
  3 gnolls
  4 adders (D:2)
  A worm (D:2)
  A dart slug (D:2)
  3 leopard geckos
  3 bats
  3 giant cockroaches
  7 goblins
  3 hobgoblins (D:2)
  6 kobolds
  2 quokkas
  A ball python (D:1)
  4 frilled lizards
  7 rats
48 creatures vanquished.

Vanquished Creatures (others)
  182 foxfires
182 creatures vanquished.

Grand Total: 230 creatures vanquished

Notes
Turn   | Place    | Note
-------+----------+-------------------------------------------
     0 | D:1      | Misa the Octopode Fire Elementalist began the quest for the
                  | Orb.
     0 | D:1      | Reached XP level 1. HP: 11/11 MP: 3/3
    61 | D:1      | Reached XP level 2. HP: 9/18 MP: 0/5
   522 | D:2      | Reached XP level 3. HP: 16/22 MP: 3/6
  1147 | D:2      | Reached skill level 1 in Fighting
  1352 | D:2      | Reached XP level 4. HP: 25/28 MP: 0/7
  2420 | D:3      | Reached XP level 5. HP: 33/33 MP: 0/8
  2426 | D:3      | HP: 1/33 [gnoll/+0 club (9)]
  2427 | D:3      | Slain by a gnoll

Illustrated notes

Levels and vault maps discovered:
D:1:      shiori_arrival_oz, layout_basic
D:2:      minmay_spotlight, layout_basic
D:3:      layout_basic, serial_forest, infiniplex_forest_clump_long,
          infiniplex_forest_clump_large, infiniplex_forest_end_3,
          infiniplex_forest_zigzag_2, infiniplex_forest_lined_3,
          infiniplex_forest_straight_5, uniq_sigmund

Skill      XL: |  1  2  3 |
---------------+----------+-----
Stealth        | 3 |  3.7
Fighting       | 1 |  1.4
Dodging        | |  2.8
Spellcasting   | |  2.5
Conjurations   | |  1.9
Fire Magic     | |  3.5

Action                   |  1- 3 |  4- 6 || total
-------------------------+-------+-------++-------
Melee: Unarmed           |     9 |       ||     9
       Constrict         |     3 |     5 ||     8
       Tentacles         |     1 |     3 ||     4
       Dagger            |     6 |     2 ||     8
       Quarterstaff      |       |     9 ||     9
 Cast: Foxfire           |    60 |    52 ||   112
 Stab: Sleeping          |     4 |     2 ||     6
Armor: Skin              |     1 |       ||     1
Dodge: Dodged            |    14 |     7 ||    21

Table legend: (Time is in decaauts)
 A = Elapsed time spent in this place.
 B = Non-inter-level travel time spent in this place.
 C = Inter-level travel time spent in this place.
 D = Time resting spent in this place.
 E = Time spent auto-exploring this place.
 F = Levels seen in this place.
 G = Mean time per level.
                   A        B        C        D        E       F      G
               +--------+--------+--------+--------+--------+-----+--------+
         Total |   2428 |   2365 |     63 |    246 |   1748 |   3 |  809.3 |
       Dungeon |   2428 |   2365 |     63 |    246 |   1748 |   3 |  809.3 |
               +--------+--------+--------+--------+--------+-----+--------+

Top non-repeatable levels by time:
     D:2: 1220 daAuts
     D:1: 946 daAuts
     D:3: 262 daAuts
